 Dungeon Crawl Stone Soup version 0.32-a0-876-gcfddb08e57 (webtiles) character file.

Game seed: 16744609338021653040

81 pokedragonboy the Conjurer (level 4, -2/24 HPs)
             Began as a Deep Elf Conjurer on Apr 1, 2024.
             Killed from afar by Sigmund (11 damage)
             ... with a rupture
             ... on level 2 of the Dungeon.
             The game lasted 00:04:30 (2435 turns).

pokedragonboy the Conjurer (Deep Elf Conjurer)      Turns: 2435, Time: 00:04:31

Health: -2/24      AC:  3    Str:  4    XL:     4   Next: 19%
Magic:  5/12       EV: 12    Int: 25    God:
Gold:   94         SH:  0    Dex: 13    Spells: 9/12 levels left

rFire   . . .        m - +0 hand axe
rCold   . . .        (no shield)
rNeg    . . .        a - +0 robe
rPois   .            (no helmet)
rElec   .            p - +0 cloak {Stlth+}
rCorr   .            (no gloves)
SInv    .            (no boots)
Will    .....        d - amulet of regeneration
Stlth   +++          (no ring)
HPRegen 1.04/turn    (no ring)
MPRegen 0.13/turn

%: no passive effects
@: no status effects
A: no striking features
a: no special abilities


You were on level 2 of the Dungeon.
You visited 1 branch of the dungeon, and saw 2 of its levels.

You collected 94 gold pieces.

Inventory:

Hand Weapons
 m - a +0 hand axe (weapon)
 o - a +2 quarterstaff of chaos
Armour
 a - a +0 robe (worn)
 p - a +0 cloak of stealth (worn)
Jewellery
 c - a ring of ice
 d - an amulet of regeneration (around neck)
Scrolls
 e - a scroll of identify {unknown}
 f - a scroll of teleportation {unknown}
 j - a scroll of fog {unknown}
 l - a scroll of enchant weapon {unknown}
 n - a scroll of enchant armour {unknown}
Potions
 b - a potion of magic
 g - a potion of haste {unknown}
 h - a potion of heal wounds {unknown}
 i - a potion of lignification {unknown}
 k - a potion of attraction {unknown}


   Skills:
 + Level 3.2 Dodging
 - Level 2.4 Stealth
 * Level 4.5 Spellcasting
 * Level 5.2 Conjurations


You had 9 spell levels left.
You knew the following spells:

 Your Spells              Type           Power      Damage    Failure   Level
a - Magic Dart            Conj           100%       1d8       1%          1
b - Searing Ray           Conj           62%        2d6       1%          2

Your spell library contained the following spells:

 Spells                   Type           Power      Damage    Failure   Level
 Fulminant Prism          Conj/Alch      9%         3d7       28%         4
 Iskenderun's Mystic Bla Conj/Tloc 18%            2d6        (+2d2     28%         4


Dungeon Overview and Level Annotations

Branches:
Dungeon (2/15)

Altars:

Shops:
D:2 [

Annotations:
D:2 Sigmund


Message History

You see here the gnoll corpse of Crazy Yiuf.
You see here a rat skeleton.
Found 6 stones.
There is an entrance to Xeogi's Antique Armour Shoppe here.
Found a stone staircase leading down.
You see here a hobgoblin skeleton.
Sigmund the Dreaded comes into view.
He is wielding a +2 scythe of protection and carrying a wand of warping.
Found 18 gold pieces.
Sigmund shouts!
Casting: Searing Ray (safe; 1% risk of failure)
Confirm with . or Enter, or press ? or * to list all spells.
Aiming: Searing Ray (safe; 1% risk of failure)
Press: ? - help, Shift-Dir - straight line, f - Sigmund
Aim: Sigmund, wielding a +2 scythe of protection, wearing a +0 robe and carrying a wand of warping (77% to hit)
The searing ray hits Sigmund.
Sigmund is lightly wounded. (Press . to maintain the ray.)
The searing ray hits Sigmund.
Sigmund is lightly wounded.
Sigmund zaps a wand.
Space twists violently!
The rupture engulfs you!
You blink.
Found a scroll labelled UZUP UBEYSMA.
Casting: Searing Ray (safe; 1% risk of failure)
Confirm with . or Enter, or press ? or * to list all spells.
Aiming: Searing Ray (safe; 1% risk of failure)
Press: ? - help, Shift-Dir - straight line, f/p - Sigmund
Aim: Sigmund, wielding a +2 scythe of protection, wearing a +0 robe and carrying a wand of warping (lightly wounded, 77% to hit)
The searing ray hits Sigmund.
Sigmund is moderately wounded. (Press . to maintain the ray.) Sigmund zaps a wand.
Space twists violently!
The rupture engulfs you!
* * * LOW HITPOINT WARNING * * *
Okay, then.
The searing ray hits Sigmund.
Sigmund is moderately wounded.
The searing ray hits Sigmund.
Sigmund is heavily wounded.
Sigmund zaps a wand.
Space twists violently!
The rupture engulfs you!
You blink.
You die...
Sigmund begins carving another notch in his scythe.

.#
###...######.....#.##.#...
.#
#.........###..#.#.##.#...
.#
#....ยง....####...#.##.....
.#
#?........##.......#######
.# #....$.@.###.###.###
##... .#####
#.........##.###..####..##
.#...#
#..............#....##.###
.#...#
#.........##.....##.>.....
.#...#
#........@####.##########'
.#...# #.........# #.# #..
##...# ........# #.# #..
#...# ############.# #..
#...# ..#.#### #..
#...####### #.#....# #..
##.......#.# #.####.# #..
.'.......'.# #.# #.# ###
##.......#.#.######.####.#


You could see Sigmund.

Vanquished Creatures
  Crazy Yiuf (D:2)
  A ribbon worm (D:2)
  3 dart slugs
  3 ball pythons
  7 bats
  7 endoplasms
  A giant cockroach (D:2)
  2 goblins
  6 hobgoblins
  A quokka (D:1)
  4 frilled lizards
  2 kobolds
  3 rats (D:2)
41 creatures vanquished.

Notes
Turn   | Place    | Note
-------+----------+-------------------------------------------
     0 | D:1      | pokedragonboy the Deep Elf Conjurer began the quest for the
                  | Orb.
     0 | D:1      | Reached XP level 1. HP: 10/10 MP: 6/6
   450 | D:1      | Reached XP level 2. HP: 15/15 MP: 6/8
  1169 | D:1      | Learned a level 2 spell: Searing Ray
  1413 | D:2      | Reached XP level 3. HP: 19/19 MP: 6/10
  1556 | D:2      | Found Xeogi's Antique Armour Shoppe.
  1772 | D:2      | Reached skill level 5 in Conjurations
  2251 | D:2      | Found a runed translucent door.
  2252 | D:2      | Noticed Crazy Yiuf
  2258 | D:2      | Killed Crazy Yiuf
  2259 | D:2      | Reached XP level 4. HP: 22/24 MP: 6/12
  2430 | D:2      | Noticed Sigmund
  2435 | D:2      | Killed from afar by Sigmund

Illustrated notes

Levels and vault maps discovered:
D:1:      ncdulo_smallfort, layout_loops_corners, serial_forest,
          infiniplex_forest_join, infiniplex_forest_end_double,
          infiniplex_forest_straight_2, infiniplex_forest_lined_3_way
D:2:      layout_basic, serial_shops, shop, lemuel_flame_loot_1, uniq_sigmund,
          uniq_crazy_yiuf_cottage

Skill      XL: |  1  2  3 |
---------------+----------+-----
Dodging        | 3 |  3.2
Spellcasting   | 4 |  4.5
Conjurations   | 5 |  5.2
Stealth        | |  2.4

Action                     |  1- 3 |  4- 6 || total
---------------------------+-------+-------++-------
  Melee: Unarmed           |     1 |       ||     1
   Cast: Magic Dart        |    72 |       ||    72
         Searing Ray       |     6 |     2 ||     8
 Armour: Robe              |     5 |     3 ||     8
  Dodge: Dodged            |    11 |       ||    11

Table legend: (Time is in decaauts)
 A = Elapsed time spent in this place.
 B = Non-inter-level travel time spent in this place.
 C = Inter-level travel time spent in this place.
 D = Time resting spent in this place.
 E = Time spent auto-exploring this place.
 F = Levels seen in this place.
 G = Mean time per level.
                   A        B        C        D        E       F      G
               +--------+--------+--------+--------+--------+-----+--------+
         Total |   2433 |   2386 |     47 |     46 |   2149 |   2 | 1216.5 |
       Dungeon |   2433 |   2386 |     47 |     46 |   2149 |   2 | 1216.5 |
               +--------+--------+--------+--------+--------+-----+--------+

Top non-repeatable levels by time:
     D:1: 1407 daAuts
     D:2: 1026 daAuts
